 Dungeon Crawl Stone Soup version 0.30-a0-782-ge64f9170bb (webtiles) character file.

Game seed: 12897793750266586801

2897 HoaS the Skirmisher (level 9, -18/67 HPs)
             Began as a Demigod Hunter on Mar 2, 2023.
             Killed from afar by an acid dragon (33 damage)
             ... with a splash of acid
             ... on level 8 of the Dungeon.
             The game lasted 00:16:02 (6446 turns).

HoaS the Skirmisher (Demigod Hunter)                Turns: 6446, Time: 00:16:02

Health: -18/67     AC:  7    Str: 12    XL:     9   Next: 24%
Magic:  11/11      EV: 12    Int: 11    God:
Gold:   417        SH:  0    Dex: 29    Spells: 8/8 levels left

rFire   . . .      SeeInvis +    a - +0 shortbow (drain)
rCold   . . .      Faith    .    (shield currently unavailable)
rNeg    . . .      Spirit   .    c - +0 leather armour
rPois   .          Reflect  .    (no helmet)
rElec   .          Harm     .    g - +0 cloak
rCorr   .          Rampage  .    o - +0 pair of gloves
Will    .....                    d - +1 pair of boots
Stlth   ++                       (no amulet)
HPRegen 0.31/turn                l - ring of see invisible
MPRegen 0.12/turn                (no ring)

@: no status effects
A: high MP 1, forlorn, divine attributes
a: no special abilities


You were on level 8 of the Dungeon.
You visited 1 branch of the dungeon, and saw 8 of its levels.
You also visited: Sewer.

You collected 417 gold pieces.

Inventory:

Hand Weapons
 a - a +0 shortbow of draining (weapon)
Armour
 c - a +0 leather armour (worn)
 d - a +1 pair of boots (worn)
 g - a +0 cloak (worn)
 o - a +0 pair of gloves (worn)
 p - a +3 ring mail
Jewellery
 k - a ring of ice
 l - a ring of see invisible (left hand)
 x - the amulet of Suspicion {Faith Fragile rElec Str+7}
   (You found it on level 7 of the Dungeon)

   [amulet of faith]

   It allows you to gain divine favour quickly.
   Str:       It affects your strength (+7).
   rElec:     It insulates you from electricity.
   Fragile:   It will be destroyed if unequipped.
Wands
 s - a wand of charming (14)
Scrolls
 b - 4 scrolls of immolation
 j - a scroll of brand weapon
 v - 2 scrolls of identify
Potions
 e - 5 potions of heal wounds
 f - 4 potions of curing
 h - a potion of resistance
 i - 3 potions of lignification
 m - a potion of attraction {unknown}
 n - 2 potions of ambrosia
 q - a potion of cancellation {unknown}
 r - 2 potions of haste {unknown}
 t - a potion of invisibility {unknown}
 u - a potion of mutation {unknown}
 w - 2 potions of flight {unknown}
 z - a potion of brilliance {unknown}


   Skills:
 - Level 1.7 Fighting
 + Level 12.6 Ranged Weapons
 - Level 1.7 Dodging
 - Level 0.8 Stealth


You had 8 spell levels left.
You didn't know any spells.
Your spell library contained the following spells:

 Spells                   Type           Power      Damage    Failure   Level
 Freeze                   Ice            0%         1d3       41%         1
 Magic Dart               Conj           0%         1d3       41%         1
 Ensorcelled Hibernation  Hex/Ice        0%         N/A       56%         2
 Passwall                 Tmut/Erth      0%         N/A       56%         2
 Searing Ray              Conj           0%         2d4       56%         2
 Frozen Ramparts          Ice            0%         1d1       80%         3
 Hailstorm                Conj/Ice       0%         3d3       80%         3
 Swiftness                Air            0%         N/A       80%         3
 Fulminant Prism          Conj/Hex       0%         3d5       99%         4


Dungeon Overview and Level Annotations

Branches:
Dungeon (8/15)             Temple (0/1) D:5           Sewer (visited)
   Lair: D:8-11

Annotations:
D:5 2 transporters, vineage's ghost, amateur GrFi


Innate Abilities, Weirdness & Mutations

You have an increased reservoir of magic. (+10% MP)
You shall have no god before yourself.
Your divine heritage dramatically boosts your attributes as you level up.


Message History

The centaur is almost dead.
The centaur shoots an arrow.
The arrow hits your gnoll sergeant!
An acid dragon comes into view.
The gnoll closely misses you.
The gnoll hits you from afar with a +0 halberd.
Your gnoll sergeant hits the centaur with a +0 trident!
The centaur dies!
The gnoll barely misses you.
Aiming: Charm
Press: ? - help, Shift-Dir - straight line, f - acid dragon
Aim: an acid dragon (chance to affect: 49%)
Okay, then.
You are too injured to fight recklessly!
Found a pair of embroidered boots.
The gnoll misses you.
The gnoll barely misses your gnoll sergeant.
Your gnoll sergeant hits the gnoll with a +0 trident.
You shoot an arrow. The arrow hits the gnoll.
You drain the gnoll.
The gnoll is heavily wounded.
The gnoll hits you with a +0 halberd! The gnoll completely misses you.
Your gnoll sergeant closely misses the gnoll.
The gnoll closely misses you.
You shoot an arrow. The arrow hits the gnoll!
You kill the gnoll!
The gnoll barely misses you. x2; Your gnoll sergeant misses the gnoll.
You shoot an arrow. The arrow hits the gnoll!
You kill the gnoll!
The gnoll hits you with a +2 heavy flail.
The gnoll hits you but does no damage. The gnoll hits you with a +0 halberd!
* * * LOW HITPOINT WARNING * * *
Your gnoll sergeant hits the gnoll with a +0 trident!
You shoot an arrow. The arrow closely misses the gnoll.
The gnoll hits you with a +0 flail.
* * * LOW HITPOINT WARNING * * *
The gnoll barely misses your gnoll sergeant.
Your gnoll sergeant closely misses the gnoll.
You shoot an arrow. The arrow barely misses the gnoll.
The gnoll closely misses you. The acid dragon spits acid at you.
The splash of acid hits you!!
You die...

§#........
§........
.........
§......<. §§
#........ §§.
#Y....... §...
#gg......
#...####@D.....[
........gg......
.........)......
................
....."..........
.................
#................
#................
#...............


You could see an acid dragon (catching breath), a sky beast, 3 gnolls and a
friendly gnoll sergeant (charmed).

Vanquished Creatures
  A troll (D:5)
  3 water moccasins
  An ice beast (D:7)
  A sky beast (D:7)
  3 black bears (D:8)
  An ogre (D:5)
  2 kobold brigands
  Blork the orc (D:4)
  3 necrophages
  4 bullfrogs
  4 scorpions
  2 jellies
  6 orc priests
  2 hounds
  Natasha (twice) (D:2)
  An iguana (D:4)
  7 orc wizards
  2 gnolls (D:8)
  11 adders
  A white imp (D:6)
  2 ufetubi (D:6)
  3 worms
  4 dart slugs
  22 orcs
  3 bats
  12 endoplasms
  19 giant cockroaches
  5 goblins
  8 hobgoblins
  6 jackals
  22 kobolds
  8 quokkas
  15 ball pythons
  11 frilled lizards
  6 rats
204 creatures vanquished.

Vanquished Creatures (collateral kills)
  A centaur (D:8)
1 creature vanquished.

Vanquished Creatures (others)
  33 fungi (D:8)
  38 plants (D:8)
71 creatures vanquished.

Grand Total: 276 creatures vanquished

Notes
Turn   | Place    | Note
-------+----------+-------------------------------------------
     0 | D:1      | HoaS the Demigod Hunter began the quest for the Orb.
     0 | D:1      | Reached XP level 1. HP: 17/17 MP: 3/3
   108 | D:1      | Reached skill level 4 in Ranged Weapons
   118 | D:1      | Reached XP level 2. HP: 21/24 MP: 4/4
   976 | D:2      | Reached XP level 3. HP: 29/29 MP: 5/5
  1233 | D:2      | Reached skill level 5 in Ranged Weapons
  1327 | D:2      | Identified the +3 leather armour of Caustic the Good
                  | {Contam rElec rF+ Will+}
  1352 | D:2      | Noticed Natasha
  1360 | D:2      | Killed Natasha
  1361 | D:2      | Reached XP level 4. HP: 9/36 MP: 6/6
  1389 | D:2      | Noticed Natasha
  1399 | D:2      | Killed Natasha
  1938 | D:3      | Reached skill level 6 in Ranged Weapons
  1938 | D:3      | Reached XP level 5. HP: 29/41 MP: 7/7
  2456 | D:3      | Found the +7 Throatcutter {drain, coup de grace}
  2701 | D:4      | Reached XP level 6. HP: 48/48 MP: 8/8
  2836 | D:4      | Noticed Blork the orc
  2845 | D:4      | Killed Blork the orc
  2846 | D:4      | Reached skill level 7 in Ranged Weapons
  3415 | D:5      | Entered Level 5 of the Dungeon
  3440 | D:5      | Reached skill level 8 in Ranged Weapons
  3453 | D:5      | Reached XP level 7. HP: 48/53 MP: 9/9
  3464 | D:5      | Found a glowing drain.
  3468 | Sewer    | Entered a sewer
  3839 | Sewer    | Reached skill level 9 in Ranged Weapons
  4080 | D:5      | Noticed a troll
  4086 | D:5      | Killed a troll
  4250 | D:5      | Noticed vineage's ghost (amateur GrFi)
  4251 | D:5      | Found a transporter.
  4251 | D:5      | Identified the +3 great mace "Vagur" {heavy, rC+}
  4284 | D:5      | Found a transporter.
  4309 | D:5      | Found a staircase to the Ecumenical Temple.
  4537 | D:5      | Reached XP level 8. HP: 60/60 MP: 10/10
  4583 | D:5      | Reached skill level 10 in Ranged Weapons
  5709 | D:6      | Reached skill level 11 in Ranged Weapons
  6169 | D:7      | Identified the amulet of Suspicion {Faith Fragile rElec
                  | Str+7}
  6396 | D:8      | Reached XP level 9. HP: 58/67 MP: 11/11
  6405 | D:8      | Reached skill level 12 in Ranged Weapons
  6446 | D:8      | Killed from afar by an acid dragon

Illustrated notes

Levels and vault maps discovered:
D:1:      wander_arrival_peaceful_grave, layout_loops_ring, serial_rivers,
          chequers_serial_rivers_large_b, chequers_serial_rivers_small_a,
          chequers_serial_rivers_room_a, chequers_serial_rivers_micro_d,
          chequers_serial_rivers_micro_d, minmay_misc_feat_secret_circle,
          minmay_box_of_dots
D:2:      layout_basic, uniq_natasha
D:3:      layout_rooms, hellmonk_ecumenical_altar_leap_of_faith,
          amcnicky_mini_pool_small, serial_park_tiny_2
D:4:      nicolae_cairo_tiling_large, layout_cave_pools,
          nicolae_tso_swordbearing_angel, cheibrodos_worm_habitat,
          old_standard_altar, nicolae_sif_muna_little_library,
          kennysheep_generic_room_2, uniq_blork_the_orc
D:5:      layout_basic, temple_pool_b, gammafunk_ghost_smash,
          gup_sewer_entry_bowl, dk_noncrumbling_2,
          chequers_serial_rivers_micro_e
D:6:      layout_loops_ring, serial_rivers, chequers_serial_rivers_micro_c,
          chequers_serial_rivers_micro_c, chequers_serial_rivers_marsh,
          chequers_serial_rivers_small_b
D:7:      layout_gridville, grunt_gozag_statues, serial_glass, glass_columns_b,
          glass_columns_b
D:8:      layout_basic, nicolae_dithmenos_the_darkroom,
          mainiacjoe_overflow_swirl, due_lair_maze_entry_diamond,
          minmay_misc_feat_enclosed

Skill      XL: |  1  2  3  4  5  6  7  8  9 |
---------------+----------------------------+-----
Ranged Weapons | 4 5 6 8 9 11 12 | 12.6
Fighting       | |  1.7
Dodging        | |  1.7
Stealth        | |  0.8

Action                     |  1- 3 |  4- 6 |  7- 9 || total
---------------------------+-------+-------+-------++-------
   Fire: Shortbow          |   110 |   172 |   305 ||   587
  Evoke: Wand              |       |       |     1 ||     1
    Use: Scroll            |     6 |     8 |     3 ||    17
 Armour: Leather armour    |    11 |    28 |    30 ||    69
  Dodge: Dodged            |    37 |    41 |    87 ||   165

Table legend: (Time is in decaauts)
 A = Elapsed time spent in this place.
 B = Non-inter-level travel time spent in this place.
 C = Inter-level travel time spent in this place.
 D = Time resting spent in this place.
 E = Time spent auto-exploring this place.
 F = Levels seen in this place.
 G = Mean time per level.
                   A        B        C        D        E       F      G
               +--------+--------+--------+--------+--------+-----+--------+
         Total |   6647 |   6288 |    359 |   1051 |   4031 |   9 |  738.6 |
       Dungeon |   6109 |   5750 |    359 |    868 |   3866 |   8 |  763.6 |
         Sewer |    538 |    538 |      0 |    183 |    165 |   1 |  538.0 |
               +--------+--------+--------+--------+--------+-----+--------+

Top non-repeatable levels by time:
     D:2: 1105 daAuts
     D:5: 1105 daAuts
     D:1: 1010 daAuts
     D:4: 904 daAuts
     D:6: 787 daAuts
     D:7: 546 daAuts
   Sewer: 538 daAuts
     D:3: 506 daAuts
     D:8: 143 daAuts
